 Dungeon Crawl Stone Soup version 0.17.1-3-g152610e (webtiles) character file.

88 warlockg3 the Skirmisher (level 4, -1/37 HPs)
             Began as a Demonspawn Abyssal Knight on Mar 31, 2016.
             Was a Believer of Lugonu.
             Killed by a spatial distortion (4 damage)
             ... on level 3 of the Dungeon.
             The game lasted 00:10:34 (3064 turns).

warlockg3 the Skirmisher (DsAK)                     Turns: 3064, Time: 00:10:34

Health: -1/37      AC:  4    Str: 12    XL:     4   Next: 30%
Magic:  5/5        EV: 11    Int: 13    God:    Lugonu [**....]
Gold:   107        SH:  0    Dex: 14    Spells: 0 memorised, 3 levels left

rFire  . . .     SeeInvis .     h - +0 whip (drain)
rCold  + . .     Clarity  .     b - +0 leather armour
rNeg   . . .     SustAt   .     (no shield)
rPois  .         Gourm    .     (no helmet)
rElec  .         Spirit   .     (no cloak)
rCorr  .         Warding  .     n - +0 pair of gloves
rMut   .         Stasis   .     (no boots)
MR     .....                    (no amulet)
Stlth  +.........               (no ring)
                                (no ring)

@: heavily drained, not resistant to hostile enchantments, very unstealthy
A: cold resistance 1, freezing cloud immunity
a: Depart the Abyss, Bend Space, Renounce Religion


You were on level 3 of the Dungeon.
You worshipped Lugonu.
Lugonu was pleased with you.
You were not hungry.

You visited 1 branch of the dungeon, and saw 3 of its levels.
You visited the Abyss 1 time.

You collected 107 gold pieces.

Inventory:

Hand Weapons
 a - a +1 falchion
 f - a +0 blowgun
 h - a +0 whip of draining (weapon)
 j - a +0 spear
Armour
 b - a +0 leather armour (worn)
 l - a +0 leather armour
 n - a +0 pair of gloves (worn)
Scrolls
 d - a scroll of teleportation {unknown}
 e - a scroll of fog {unknown}
 i - 2 scrolls of identify {unknown}
 k - a scroll of amnesia {unknown}
 m - a scroll of magic mapping {unknown}
 o - a scroll of enchant armour {unknown}
Comestibles
 g - a beef jerky


   Skills:
 + Level 3.7(2.3) Fighting
 + Level 2.2(0.8) Long Blades
 + Level 2.3(1.0) Armour
 + Level 2.3(1.0) Dodging
 + Level 2.5(1.1) Invocations


You had 3 spell levels left.
You didn't know any spells.

Dungeon Overview and Level Annotations

Branches:
Dungeon (3/15)

Altars:
Ashenzari
Gozag
Yredelemnul

Annotations:
D:3 Sigmund


Innate Abilities, Weirdness & Mutations

Your flesh is cold resistant.
You are immune to freezing clouds.


Message History

You miss something. Something barely misses you.
You miss something.
You hear some strange, mumbled words.
You are confused.
You hit something. Something hits you.
You barely miss something. Something hits you.
You bump into the rock wall.
You bump into the rock wall.
Something hits you but does no damage.
You bump into the rock wall.
Something hits you.
* * * LOW HITPOINT WARNING * * *
You aren't carrying any potions.
You're too confused!
You feel less confused. Something hits you.
* * * LOW HITPOINT WARNING * * *
You fail to use your ability.
Something hits you!
* * * LOW HITPOINT WARNING * * *
Unknown command.
Space bends around you!
You blink.
You die...

#.###.#.#
#######'###.#.#
........r†....#
.........##.###
.........##.#
.........##.#
.........##r#
###########{#####
#..§.@# #### #####.#
_..# #.##### ..##
#.....# ^^.#
##########.### ..##
#.[........#
'########.##########
.###.##...#
.....##.###


There were no monsters in sight!

Vanquished Creatures
  4 adders
  An ooze (D:2)
  2 worms
  3 giant geckos
  An orc (D:2)
  4 giant cockroaches
  6 goblins
  3 hobgoblins
  6 jackals
  3 kobolds
  A ball python (D:1)
  3 giant newts
  3 rats
  A spectral orc (D:3)
  A fungus (D:1)
42 creatures vanquished.

Notes
Turn   | Place    | Note
--------------------------------------------------------------
     0 | Abyss:1  | warlockg3 the Demonspawn Abyssal Knight began the quest for the Orb.
     0 | Abyss:1  | Reached XP level 1. HP: 18/18 MP: 2/2
    15 | D:1      | Escaped the Abyss
   146 | D:1      | Reached skill level 1 in Dodging
   322 | D:1      | Gained mutation: Your flesh is cold resistant. [demonic ancestry]
   322 | D:1      | Reached XP level 2. HP: 24/24 MP: 3/3
   897 | D:2      | Reached ** piety under Lugonu
   942 | D:2      | Reached XP level 3. HP: 29/29 MP: 4/4
  1630 | D:2      | Found a shattered altar of Ashenzari.
  2398 | D:3      | Gained mutation: You are immune to freezing clouds. [demonic ancestry]
  2398 | D:3      | Reached XP level 4. HP: 34/36 MP: 5/5
  2863 | D:3      | Found an opulent altar of Gozag.
  2899 | D:3      | Found a basalt altar of Yredelemnul.
  3024 | D:3      | Noticed Sigmund
  3064 | D:3      | Killed by a spatial distortion

Action                   |  1- 3 |  4- 6 || total
-------------------------+-------+-------++-------
Melee: Falchion          |   148 |    15 ||   163
       Whip              |       |    13 ||    13
  Use: Potion            |       |     4 ||     4
  Eat: Bread ration      |     1 |     1 ||     2
